 Dungeon Crawl Stone Soup version 0.22-a0-21-g9421e3f (webtiles) character file.

10 tidbits the Grave Robber (level 2, -5/11 HPs)
             Began as a Felid Necromancer on Jan 2, 2018.
             Killed from afar by a dart slug (6 damage)
             ... with a slug dart
             ... on level 1 of the Dungeon.
             The game lasted 00:01:33 (205 turns).

tidbits the Grave Robber (Felid Necromancer)         Turns: 205, Time: 00:01:33

Health: -5/11      AC:  1    Str:  4    XL:     2   Next: 10%
Magic:  1/6        EV: 18    Int: 16    God:
Gold:   18         SH:  0    Dex: 16    Spells: 3/5 levels left
                                        Lives:  0   Deaths: 0

rFire    . . .     SeeInvis +     - Unarmed
rCold    . . .     Gourm    .   (shield unavailable)
rNeg     . . .     Faith    .   (armour unavailable)
rPois    .         Spirit   .   (helmet unavailable)
rElec    .         Reflect  .   (cloak unavailable)
rCorr    .         Harm     .   (gloves unavailable)
MR       .....                  (boots unavailable)
Stlth    +++.......             (no amulet)
HPRegen  0.03/turn              (no ring)
MPRegen  0.10/turn              (no ring)

@: quick
A: very small, no armour, no weapons or thrown items, stealth, claws 1, fangs 3,
see invisible, carnivore, speed 1, shaggy fur 1, slow metabolism 1, sharp paws
a: no special abilities


You were on level 1 of the Dungeon.
You were not hungry.

You visited 1 branch of the dungeon, and saw 2 of its levels.

You collected 18 gold pieces.

Inventory:

Scrolls
 c - a scroll of immolation {unknown}
 d - a scroll of identify {unknown}
 e - a scroll of fear {unknown}
 f - a scroll of enchant weapon {unknown}
Books
 a - a book of Necromancy

   Spells                             Type                      Level
   a - Pain                           Necromancy                   1
   b - Animate Skeleton               Necromancy                   1
   c - Vampiric Draining              Necromancy                   3
   d - Regeneration                   Charms/Necromancy            3
   e - Animate Dead                   Necromancy                   4
   f - Borgnjor's Vile Clutch         Necromancy/Earth             5
Comestibles
 b - a ration


   Skills:
 - Level 2.7 Dodging
 - Level 2.8 Stealth
 + Level 1.5 Unarmed Combat
 - Level 2.0 Spellcasting
 - Level 4.0 Necromancy


You had 3 spell levels left.
You knew the following spells:

 Your Spells              Type           Power        Failure   Level  Hunger
a - Pain                  Necr           ##..         4%          1    #......
n - Animate Skeleton      Necr           N/A          4%          1    #......


Dungeon Overview and Level Annotations

Branches:
Dungeon (2/15)

Altars:


Innate Abilities, Weirdness & Mutations

You cannot wear armour.
You are incapable of wielding weapons or throwing items.
Your paws allow you to move quietly. (Stealth)
You have sharp claws.
You have razor-sharp teeth.
You have supernaturally acute eyesight. (SInv)
You are carnivorous and can eat meat at any time.
You cover ground quickly.
You are covered in fur. (AC +1)
You have a slow metabolism.
Your sharp claws are effective at attacking unaware monsters.


Message History

The leopard gecko writhes in agony!
You kill the leopard gecko!
Found 15 bolts.
Found a scroll labeled ZEIRHU WESE.
A dart slug comes into view.
You see here 15 bolts.
The dart slug launches a dart at you. The slug dart misses you.
Casting: Pain
Confirm with . or Enter, or press ? or * to list all spells.
Aiming: Pain
Press: ? - help, Shift-Dir - straight line, f - dart slug
Aim: a dart slug (clinging, chance to defeat MR: 85%)
The dart slug writhes in agony!
Casting: Pain
Confirm with . or Enter, or press ? or * to list all spells.
Aiming: Pain
Press: ? - help, Shift-Dir - straight line, f/p - dart slug
Aim: a dart slug (moderately wounded, clinging, chance to defeat MR: 85%)
The dart slug writhes in agony!
You kill the dart slug!
Your Unarmed Combat skill increases to level 1!
Found a hunting sling.
You see here a scroll labeled ZEIRHU WESE.
d - a scroll labeled ZEIRHU WESE You see here a hunting sling.
Found a stone staircase leading up.
There is a stone staircase leading up here.
You climb upwards.
A kobold comes into view.
There is a stone staircase leading down here.
You pounce on the unaware helpless kobold!
You claw the kobold!
You kill the kobold!
You have reached level 2!
Memorise Animate Skeleton, consuming 1 spell level and leaving 3?
You start memorising the spell.
You continue memorising.
You finish memorising.
Spell assigned to 'n'.
You see here a kobold corpse.
Casting: Pain
Confirm with . or Enter, or press ? or * to list all spells.
You attempt to give life to the dead...
Before your eyes, flesh is ripped from the corpse!
The dead are walking!
You see here 2 inedible chunks of flesh.
Found a scroll labeled REXIRPH HIVVOSE and 3 curare-tipped needles.
Found 6 gold pieces.
Found a scroll labeled TYDUH TIPSE.
You see here a scroll labeled REXIRPH HIVVOSE.
e - a scroll labeled REXIRPH HIVVOSE
Found 11 stones.
You see here a scroll labeled TYDUH TIPSE.
f - a scroll labeled TYDUH TIPSE A frilled lizard comes into view.
You see here 6 gold pieces.
You now have 18 gold pieces (gained 6).
The helpless frilled lizard fails to defend itself.
You claw the frilled lizard!
You kill the frilled lizard!
Found a dagger.
You see here a club.
Found a club.
A goblin comes into view. It is wielding a club.
A rat, a hobgoblin and a dart slug come into view.
The hobgoblin shouts!
Casting: Animate Skeleton
Confirm with . or Enter, or press ? or * to list all spells.
Aiming: Pain
Press: ? - help, Shift-Dir - straight line, f - hobgoblin
Aim: a hobgoblin, wielding a club (chance to defeat MR: 85%)
The hobgoblin barely resists.
Casting: Pain
Confirm with . or Enter, or press ? or * to list all spells.
Aiming: Pain
Press: ? - help, Shift-Dir - straight line, f/p - hobgoblin
Aim: a hobgoblin, wielding a club (chance to defeat MR: 85%)
The hobgoblin writhes in agony!
Casting: Pain
Confirm with . or Enter, or press ? or * to list all spells.
Aiming: Pain
Press: ? - help, Shift-Dir - straight line, f/p - hobgoblin
Aim: a hobgoblin, wielding a club (lightly wounded, chance to defeat MR: 85%)
The hobgoblin writhes in agony!
Casting: Pain
Confirm with . or Enter, or press ? or * to list all spells.
Aiming: Pain
Press: ? - help, Shift-Dir - straight line, f/p - hobgoblin
Aim: a hobgoblin, wielding a club (heavily wounded, chance to defeat MR: 85%)
The hobgoblin writhes in agony!
Casting: Pain
Confirm with . or Enter, or press ? or * to list all spells.
Aiming: Pain
Press: ? - help, Shift-Dir - straight line, f/p - hobgoblin
Aim: a hobgoblin, wielding a club (severely wounded, chance to defeat MR: 85%)
The hobgoblin writhes in agony!
You kill the hobgoblin!
The dart slug launches a dart at you. The slug dart hits you!
Ouch! That really hurt!
You die...

.r.w.....#
#.######.# #.# #w#
#.#######. ###
.######....)....
..#
.......)########
#.##### #######.#
#...... #.Z@#
....# ######.###
#.#.#####........#
..........####.#.#
#.#.#### #.#.#
....### ##.#.###
......# #..(...#
#.#.#.# #.)###.#
#.#.#.# #..# #<#


You could see a dart slug and a friendly kobold skeleton.

Vanquished Creatures
  A dart slug (D:2)
  A leopard gecko (D:2)
  2 hobgoblins (D:1)
  A frilled lizard (D:1)
  2 kobolds (D:1)
7 creatures vanquished.

Notes
Turn   | Place    | Note
-------+----------+-------------------------------------------
     0 | D:1      | tidbits the Felid Necromancer began the quest for the Orb.
     0 | D:1      | Reached XP level 1. HP: 7/7 MP: 4/4
    83 | D:2      | Reached skill level 1 in Unarmed Combat
   105 | D:1      | Reached XP level 2. HP: 2/11 MP: 4/6
   108 | D:1      | Learned a level 1 spell: Animate Skeleton
   205 | D:1      | Killed from afar by a dart slug

Vault maps used:
D:1:      dpeg_arrival_tiny_a
D:2:      first_ration, nicolae_dithmenos_through_a_glass_darkly

Skill      XL: |  1 |
---------------+----+-----
Unarmed Combat | 1 |  1.5
Dodging        | |  2.7
Stealth        | |  2.8
Spellcasting   | |  2.0
Necromancy     | |  4.0

Action                   || total
-------------------------++-------
Melee: Unarmed           ||     2
 Cast: Pain              ||    12
       Animate Skeleton  ||     1
 Stab: Sleeping          ||     2
Dodge: Dodged            ||     2

Table legend:
 A = Spawn XP
 B = Non-spawn XP
 C = Spawn XP percentage of total XP
 D = Spawn monster count
 E = Non-spawn monster count
 F = Spawn count percentage of total count
 G = Total turns spent on level
                    A         B        C        D         E        F      G
               +---------+---------+-------+---------+---------+-------+---------
         Total |       0 |      15 |   0.0 |       0 |       7 |   0.0 |   205
               +---------+---------+-------+---------+---------+-------+---------
           D:1 |       0 |       8 |   0.0 |       0 |       5 |   0.0 |   142
           D:2 |       0 |       7 |   0.0 |       0 |       2 |   0.0 |    63
               +---------+---------+-------+---------+---------+-------+---------

Table legend:
 A = Turns spent in this place as a percentage of turns spent in the entire game.
 B = Non-inter-level travel turns spent in this place as a percentage of non-inter-level travel turns spent in the entire game.
 C = Inter-level travel turns spent in this place as a percentage of turns spent in this place.
 D = Turns resting spent in this place as a percentage of non-inter-level travel turns spent in this place.
 E = Turns spent auto-exploring this place as a percentage of non-inter-level travel turns spent in this place.
 F = Non-inter-level travel turns spent in this place divided by the number of levels of this place that you've seen.
                   A       B       C       D       E      F
               +-------+-------+-------+-------+-------+----------------------
         Total | 100.0 | 100.0 |   0.0 |   0.0 |   0.0 | 102.5
       Dungeon | 100.0 | 100.0 |   0.0 |   0.0 |   0.0 | 102.5
               +-------+-------+-------+-------+-------+----------------------

Table legend:
 A = Kills in this place as a percentage of kills in entire the game.
 B = Kills by you in this place as a percentage of kills by you in the entire game.
 C = Kills by friends in this place as a percentage of kills by friends in the entire game.
 D = Other kills in this place as a percentage of other kills in the entire game.
 E = Experience gained in this place as a percentage of experience gained in the entire game.
 F = Experience gained in this place divided by the number of levels of this place that you have seen.
                   A       B       C       D       E      F
               +-------+-------+-------+-------+-------+----------------------
         Total | 100.0 | 100.0 |   N/A |   N/A | 100.0 |   7.5
       Dungeon | 100.0 | 100.0 |   N/A |   N/A | 100.0 |   7.5
               +-------+-------+-------+-------+-------+----------------------

Vault maps used:
D:1:      dpeg_arrival_tiny_a
D:2:      first_ration, nicolae_dithmenos_through_a_glass_darkly
